[Event "*** Titled Tuesday 3|2 Blitz"]
[Site "Chess.com"]
[Date "2015.04.07"]
[Round "6"]
[White "alturas_pacificas"]
[Black "brauliocuarta"]
[Result "0-1"]
[WhiteElo "2128"]
[BlackElo "2073"]
[TimeControl "180+2"]
[EndTime "12:20:06 PDT"]
[Termination "brauliocuarta won by resignation"]

1. d4 Nf6 2. Bf4 g6 3. e3 Bg7 4. Be2 O-O 5. Nf3 b6 6. O-O Bb7 7. h3 c5 8. c3 d6 9. a4 Nc6 10. Na3 Re8 11. Qb3 e5 12. dxe5 dxe5 13. Bg3 Na5 14. Qa2 e4 15. Rfd1 Qe7 16. Bd6 Qe6 17. Qxe6 Rxe6 18. Ng5 Ree8 19. b4 Nc6 20. Bc4 Nd8 21. Bc7 h6 22. Bxd8 hxg5 23. Bc7 Rac8 24. Bg3 cxb4 25. cxb4 Nh5 26. Rab1 Nxg3 27. fxg3 a6 28.
Rd7 Bc6 29. Rxf7 Kh8 30. Bxa6 Ra8 31. b5 Bd5 32. Rd7 Red8 33. Rxd8+ Rxd8 34. Rd1 Bf8 35. Bb7 Bxa3 36. Rxd5 Rf8 37. Rxg5 Bc5 38. Kh2 Bxe3 39. Rxg6 Rf1 40. h4 Bg1+ 41. Kh3 e3 42. Bf3 Bf2 43.
Re6 Ra1 44. h5 Rxa4 45. g4 Kg7 46. g3 Rb4 47. g5 Rxb5 48. Re7+ Kf8 49. Rb7 Rxg5 50.
Kh4 Rxg3 51. Rxb6 Rxf3+ 52. Kg4 Rf7 53. Rb8+ Kg7 54. Rb1 e2 55. h6+ Kh7 56. Kh3 e1=Q 57. Rxe1 Bxe1 58. Kg2 0-1

[Event "*** Titled Tuesday 3|2 Blitz"]
[Site "Chess.com"]
[Date "2015.04.07"]
[Round "6"]
[White "rhungaski"]
[Black "jup1978"]
[Result "1-0"]
[WhiteElo "2443"]
[BlackElo "2166"]
[TimeControl "180+2"]
[EndTime "12:20:37 PDT"]
[Termination "rhungaski won by resignation"]

1. d4 e6 2. c4 d5 3. Nc3 c6 4.
e3 f5 5. b3 Nf6 6. Bd3 Bd6 7.
Nge2 O-O 8. Bb2 Ne4 9. g3 Nd7 10. f3 Ng5 11. Nf4 Qe8 12. h4 Nf7 13. Be2 Nh6 14.
Qd2 a5 15. a3 Kh8 16. Rg1 dxc4 17. bxc4 e5 18. dxe5 Bxe5 19. Na4 Bxb2 20. Nxb2 Nc5 21.
Rb1 Ne6 22. Nbd3 Nxf4 23. Nxf4 Qe7 24. Qc3 Rb8 25. c5 Be6 26. Kf2 Nf7 27. Qxa5 Bd5 28. Qc3 Ne5 29. Rb4 Nd7 30. Rc1 Bg8 31. Qd4 Rfe8 32.
Rc3 Nf6 33. Qd6 Qxd6 34. cxd6 Nd5 35. Nxd5 Bxd5 36. Bc4 Bxc4 37. Rbxc4 Red8 38. Rd4 Rd7 39. e4 fxe4 40. fxe4 Kg8 41. Rf3 Rbd8 42. e5 Re8 43. Re3 Kf7 44. a4 Ke6 45. a5 Rf8+ 46. Rf4 Rdf7 47.
Kf3 g6 48. Ke4 h6 49. Ref3 Rf5 50. Rxf5 gxf5+ 51. Kd4 Ra8 52. g4 fxg4 53. Rf6+ Kd7 54.
Rxh6 Rxa5 55. Rh7+ Ke6 56. Re7+ Kf5 57. d7 Rd5+ 58.
Ke3 b5 59. e6 b4 60. Re8 b3 61. d8=Q Rxd8 62. Rxd8 g3 63. Rb8 g2 64. Kf2 g1=Q+ 65. Kxg1 1-0

[Event "*** Titled Tuesday 3|2 Blitz"]
[Site "Chess.com"]
[Date "2015.04.07"]
[Round "6"]
[White "pKiLz5Rn9b"]
[Black "darkknight123456"]
[Result "1-0"]
[WhiteElo "2314"]
[BlackElo "2063"]
[TimeControl "180+2"]
[EndTime "12:20:40 PDT"]
[Termination "pKiLz5Rn9b won by resignation"]

1. b3 e5 2. Bb2 Nc6 3. e3 g6 4.
Bb5 Bg7 5. f4 d6 6. Nf3 Ne7 7.
fxe5 O-O 8. O-O dxe5 9. Nc3 h6 10.
Rb1 f5 11. e4 Nd4 12. Bc4+ Kh7 13. exf5 Bxf5 14. d3 c6 15. a4 Bg4 16. b4 Nef5 17. Qd2 Bxf3 18. gxf3 Nh4 19. Kh1 Nhxf3 20. Qg2 Rf5 21. Ne4 Qf8 22. Bxd4 exd4 23. Be6 Rf4 24.
b5 c5 25. Rf2 Nh4 26. Qg3 Rxf2 27. Nxf2 Nf5 28. Bxf5 Qxf5 29. Ne4 Re8 30. Rg1 Be5 31.
Qg2 Bb8 32. Nxc5 Re7 33. Ne4 g5 34. Qg4 Qxg4 35. Rxg4 Rc7 36. Rg2 Rf7 37. Re2 Rf1+ 38. Kg2 Ra1 39. Nc5 b6 40. Re7+ Kg6 41. Nb3 Rxa4 42.
Rb7 Bf4 43. h3 h5 44. Kf3 Ra2 45. Nxd4 Be5 46. Nc6 Bf6 47. c4 Ra3 48. Ke4 g4 49. hxg4 h4 50. g5 Kxg5 51. Rb8 h3 52. Rg8+ Kh4 53. Rg6 Bg5 54. Ne5 h2 55. Nf3+ Kh5 56.
Rxg5+ Kh6 57. Rg8 Kh7 58. Nxh2 Kxg8 59. d4 Kf7 60. Kd5 Ke7 61. Ng4 Kd7 62. Nf6+ Kc7 63. Ne8+ Kb7 64. Kd6 Rd3 65. d5 Rc3 66. Kd7 Rxc4 67.
Nd6+ Kb8 68. Nxc4 Kb7 69. d6 a6 70. bxa6+ Kxa6 71. Nxb6 Kxb6 72. Ke7 1-0

[Event "*** Titled Tuesday 3|2 Blitz"]
[Site "Chess.com"]
[Date "2015.04.07"]
[Round "6"]
[White "SCIM"]
[Black "DrHolmes13"]
[Result "1-0"]
[WhiteElo "2068"]
[BlackElo "2204"]
[TimeControl "180+2"]
[EndTime "12:20:44 PDT"]
[Termination "SCIM won by resignation"]

1. e4 c5 2. Nf3 Nc6 3. Bb5 e6 4. Bxc6 bxc6 5. O-O Ne7 6. Nc3 Ng6 7. d3 Be7 8. Qe2 O-O 9. Na4 d5 10. e5 Ba6 11. b3 c4 12. dxc4 dxc4 13. Rd1 Qa5 14. Qe4 Rad8 15. Bd2 Qd5 16. Qxd5 cxd5 17. Be3 Rd7 18.
g3 Rc8 19. h4 cxb3 20. cxb3 Ba3 21.
h5 Nf8 22. Nd4 h6 23. Bc1 Bb4 24. Bd2 Ba3 25. Bc1 Bb4 26. Bb2 Rdc7 27. a3 Be7 28.
Rac1 Nd7 29. f4 Nc5 30. Nxc5 Bxc5 31. Kg2 Bxd4 32. Rxc7 Rxc7 33. Bxd4 Be2 34. Rd2 Bxh5 35. b4 a6 36. a4 Rb7 37. Rb2 Bg6 38. b5 axb5 39. axb5 Bd3 40. b6 g5 41. fxg5 hxg5 42. Kf3 Kg7 43. Ra2 Bb5 44. Ke3 Kg6 45. Rc2 Kf5 46. Kf3 Bc4 47. g4+ Kg6 48. Ke3 Kg7 49.
Bc5 f6 50. Kd4 Kf7 51. Rf2 f5 52. gxf5 exf5 53. Rxf5+ Kg6 54. Rf6+ Kg7 55. Rf2 g4 56. Rg2 Kf7 57. Rxg4 Ke6 58. Rg6+ Kf7 59. Rf6+ Ke8 60. e6 Re7 61. Bxe7 Kxe7 62. Ke5 Ba6 63. Rf7+ Ke8 64.
Ra7 Bc8 65. Ra8 Kd8 66. Kd6 d4 67. b7 1-0

[Event "*** Titled Tuesday 3|2 Blitz"]
[Site "Chess.com"]
[Date "2015.04.07"]
[Round "6"]
[White "Imre91"]
[Black "Mugzyyy"]
[Result "0-1"]
[WhiteElo "2556"]
[BlackElo "2520"]
[TimeControl "180+2"]
[EndTime "12:20:45 PDT"]
[Termination "Mugzyyy won by resignation"]

1. d4 Nf6 2. Nf3 b6 3. g3 Bb7 4. Bg2 g6 5. O-O Bg7 6. c4 O-O 7. Qc2 Be4 8. Qb3 c5 9. Nc3 Bb7 10. dxc5 Na6 11. cxb6 Nc5 12. Qc2 axb6 13. Rd1 Nfe4 14.
Bd2 Nxd2 15. Qxd2 e6 16. Qc2 Qf6 17. Rac1 Rfc8 18. Nd4 Bxg2 19. Kxg2 Qg5 20. h4 Qh5 21. b3 d5 22. cxd5 exd5 23. Qd2 Ne4 24. Nxe4 dxe4 25. Rxc8+ Rxc8 26. Nc2 Bh6 27. Ne3 Qc5 28. Qd4 Bxe3 29. fxe3 Qxd4 30. Rxd4 Rc2 31. Kf2 Rxa2 32. Rxe4 Rc2 33.
Rc4 Rxc4 34. bxc4 f6 35. Kf3 Kf7 36. Ke4 Ke6 37. Kd4 h5 38. Kc3 Kf5 39. Kb4 Kg4 40. Kb5 Kxg3 41. Kxb6 g5 42. hxg5 fxg5 43. c5 h4 44. c6 h3 45. c7 h2 46. c8=Q h1=Q 47.
Qf5 Qh6+ 48. Kc5 g4 49. Kd4 Qg7+ 50. Kd3 Kg2 51. e4 g3 52. e5 Kh2 53. Qh5+ Kg1 54.
e6 g2 55. Qf7 Qg3+ 56. e3 Qd6+ 57. Ke4 Qc6+ 58. Ke5 Qc5+ 59. Kf4 Kf2 60. Kg4+ Ke1 61. e7 g1=Q+ 62. Kh4 Qcg5+ 0-1

[Event "*** Titled Tuesday 3|2 Blitz"]
[Site "Chess.com"]
[Date "2015.04.07"]
[Round "6"]
[White "Ar4uha"]
[Black "1stSecond"]
[Result "1-0"]
[WhiteElo "2476"]
[BlackElo "2395"]
[TimeControl "180+2"]
[EndTime "12:22:57 PDT"]
[Termination "Ar4uha won by checkmate"]

1. e4 e5 2. Nf3 Nc6 3. d4 exd4 4. Nxd4 Bb4+ 5. c3 Bc5 6. Be3 Bb6 7. g3 Nf6 8. Bg2 O-O 9. O-O Re8 10. Nd2 d5 11. Nxc6 bxc6 12. Bxb6 axb6 13. exd5 cxd5 14. Nf3 Bb7 15.
Re1 Qd7 16. Qc2 c5 17. a3 g6 18.
Rad1 Kg7 19. h3 Rxe1+ 20. Nxe1 Re8 21. Nd3 Qf5 22. Qd2 h5 23. Qf4 Qe6 24. b4 Qe7 25. Re1 Ne4 26. f3 Ba6 27. Nf2 g5 28. Qc1 Qd6 29.
fxe4 Qxg3 30. exd5 Be2 31. Nh1 Qd3 32. Qxg5+ Kf8 33. Ng3 h4 34. Nf5 Qxc3 35. Qh6+ Kg8 36. Qxh4 Re5 37. Qg5+ Kf8 38. Qg7+ Ke8 39. Qg8+ Kd7 40. Qxf7+ Kd8 41. Qf6+ Kd7 42. Qd6+ Ke8 43. Qg6+ Kd7 44. Qf7+ Kd8 45. Qf8+ Kd7 46. Kf2 Qb2 47. Qd6+ Ke8 48. Qg6+ Kd7 49. Qf7+ Kd8 50. Qf8+ Kd7 51.
Qd6+ Kc8 52. Ne7+ Kb7 53. Qd7+ Ka6 54. Qa4+ Kb7 55. Qc6+ Ka6 56. Qa4+ Kb7 57. d6+ Bf3+ 58. Kxf3 Rg5 59. Qc6+ Ka6 60. Qa4+ Kb7 61. Qc6+ Ka6 62. Re2 Qc3+ 63. Kf2 Qd4+ 64. Re3 Qd2+ 65. Re2 Qd4+ 66. Kf1 Qf4+ 67. Kg1 Qc1+ 68. Kh2 Qf4+ 69. Kg1 Qc1+ 70. Kf2 Qf4+ 71. Qf3 Qd4+ 72. Qe3 Qg7 73. b5+ Kxb5 74. Qb3+ Ka5 75. Bc6 Qd4+ 76. Qe3 Qh4+ 77.
Kf1 Rg3 78. Qf2 Qg5 79. Bg2 Rd3 80. Re1 Rxd6 81. Nc6+ Ka6 82. Ne5 Rd2 83. Qf3 Qd8 84.
Qa8+ Qxa8 85. Bxa8 Ka5 86. Bf3 Ka4 87. Re3 b5 88. h4 c4 89. h5 Rh2 90. Kg1 Rh4 91.
Kg2 b4 92. axb4 Kxb4 93. Kg3 Rd4 94. Nc6+ Kc5 95. Nxd4 Kxd4 96. Re1 c3 97. h6 Kd3 98.
h7 Kd2 99. Rd1+ Ke3 100. h8=Q c2 101. Qe5# 1-0

[Event "*** Titled Tuesday 3|2 Blitz"]
[Site "Chess.com"]
[Date "2015.04.07"]
[Round "6"]
[White "BjarkeSahl"]
[Black "DanielRensch"]
[Result "1/2-1/2"]
[WhiteElo "2046"]
[BlackElo "2232"]
[TimeControl "180+2"]
[EndTime "12:23:30 PDT"]
[Termination "Game drawn by agreement"]

1. e4 c5 2. Nf3 d6 3. d4 cxd4 4. Nxd4 Nf6 5. Nc3 g6 6. Bc4 Bg7 7. O-O O-O 8. Re1 Nc6 9. Bb3 Na5 10. h3 a6 11. Bg5 Nxb3 12. axb3 e6 13. Qd2 Qc7 14.
Rad1 b5 15. Nf3 Bb7 16. Qxd6 Qxd6 17. Rxd6 b4 18. e5 Ne8 19. Ne4 Nxd6 20. Nxd6 Bxf3 21.
gxf3 f6 22. Bd2 fxe5 23. Kg2 Rfd8 24. Nc4 a5 25. Bg5 Rf8 26. Be3 Ra6 27. Bb6 a4 28. Bc5 Rc8 29. Bxb4 axb3 30. cxb3 Rb8 31. Bc3 Rxb3 32. Rd1 Ra8 33. Rd7 Rc8 34. Nd6 Rcb8 35. Ne4 R3b7 36. Rd6 Re8 37. Ra6 h6 38. Nc5 Rbe7 39. h4 Kh7 40. Ne4 Rc8 41. Kg3 Rc4 42. Nd6 Rcc7 43. Ne4 Ra7 44. Rb6 Rab7 45. Rc6 Rbc7 46. Ra6 Rb7 47. Rc6 Rbd7 48. Ra6 Rd5 49. Rc6 Kg8 50. Rc8+ Kh7 51. Rc6 Kg8 52. Rc8+ Kf7 53.
Rc6 Red7 54. Rc8 Rd8 55. Rc7+ R5d7 56. Rc6 Ke7 57. Bb4+ Kf7 58. Nd6+ Kg8 59. Ne4 Kf7 60. Kg2 Bf8 61. Bc3 Be7 62. Bxe5 Bxh4 63. f4 Be7 64. Ra6 h5 65. Rc6 h4 66. Kh3 Rd3+ 67. Kh2 Rf3 68.
Rc7 Rfd3 69. Ng5+ Ke8 70. Nxe6 Ra8 71. Nd4 Ra4 72. Nc6 Bd8 73. Rh7 h3 74. Rxh3 Rxh3+ 75. Kxh3 Bb6 76. f3 Ra1 77. Kg4 Rg1+ 78. Kh3 Kf7 79. Nb4 Bf2 80. Nd3 Be3 81. b4 Rd1 82.
Nc5 Rb1 83. Ne4 Rxb4 84. Ng5+ Ke8 85. Kg4 Ra4 86. Ne6 Kf7 87. Nd8+ Kg8 88. Kg5 Ra5 89. Kxg6 Bb6 90. Ne6 Ra1 91. f5 Rg1+ 92. Kh5 Kf7 93. f4 Bf2 94. Ng5+ Kf8 95. f6 Bc5 96. Kg6 Ke8 97. f7+ Kd7 98. Bd4 Be7 99. Bg7 Rg2 100. f8=Q Bxf8 101. Bxf8 Rf2 102. f5 Rxf5 103. Kxf5 Ke8 104.
Bg7 Ke7 105. Be5 Kd7 106. Ke4 1/2-1/2

[Event "*** Titled Tuesday 3|2 Blitz"]
[Site "Chess.com"]
[Date "2015.04.07"]
[Round "7"]
[White "Mugzyyy"]
[Black "LyonBeast"]
[Result "1/2-1/2"]
[WhiteElo "2539"]
[BlackElo "2767"]
[TimeControl "180+2"]
[EndTime "12:24:52 PDT"]
[Termination "Game drawn by repetition"]

1. d4 Nf6 2. c4 g6 3. g3 c5 4. Nf3 Bg7 5. Bg2 O-O 6. O-O cxd4 7. Nxd4 d5 8. cxd5 Nxd5 9. Nb5 Be6 10. Nd4 Bc8 11. Nb5 Be6 12. Nd4 Bc8 1/2-1/2

[Event "*** Titled Tuesday 3|2 Blitz"]
[Site "Chess.com"]
[Date "2015.04.07"]
[Round "7"]
[White "zmaj23"]
[Black "megarompa"]
[Result "1/2-1/2"]
[WhiteElo "2416"]
[BlackElo "2694"]
[TimeControl "180+2"]
[EndTime "12:25:16 PDT"]
[Termination "Game drawn by agreement"]

1. e4 c5 2. Nf3 e6 3. d4 cxd4 4. Nxd4 Nf6 5. Nc3 Nc6 6. a3 Bc5 7. Nxc6 dxc6 8. e5 Qxd1+ 9. Nxd1 Nd5 10. c4 Ne7 11. Be3 Bxe3 12. Nxe3 Ng6 1/2-1/2

[Event "*** Titled Tuesday 3|2 Blitz"]
[Site "Chess.com"]
[Date "2015.04.07"]
[Round "7"]
[White "SCIM"]
[Black "HansCoolNiemann"]
[Result "1-0"]
[WhiteElo "2080"]
[BlackElo "1864"]
[TimeControl "180+2"]
[EndTime "12:28:16 PDT"]
[Termination "SCIM won by checkmate"]

1. e4 d5 2. exd5 Qxd5 3. Nc3 Qd6 4. d4 c6 5. Nf3 Bg4 6. Bc4 Nf6 7.
Bxf7+ Kxf7 8. Ne5+ Qxe5+ 9. dxe5 Bxd1 10. Nxd1 Nfd7 11. f4 e6 12. O-O Bc5+ 13. Be3 Bxe3+ 14. Nxe3 Na6 15. Rad1 Rad8 16. Nc4 Ke7 17. Nd6 b6 18. Rf3 Ndc5 19. Rg3 g6 20. c3 Ne4 21. Rgd3 Nxd6 22. exd6+ Kd7 23. b4 Rhf8 24. g3 Nb8 25. c4 Na6 26.
Ra3 Nb8 27. Rxa7+ Ke8 28. Re7# 1-0

[Event "*** Titled Tuesday 3|2 Blitz"]
[Site "Chess.com"]
[Date "2015.04.07"]
[Round "7"]
[White "tac49"]
[Black "Imre91"]
[Result "0-1"]
[WhiteElo "2375"]
[BlackElo "2561"]
[TimeControl "180+2"]
[EndTime "12:29:06 PDT"]
[Termination "Imre91 won by resignation"]

1. e4 e6 2. d3 c5 3. Nf3 Nc6 4.
g3 g6 5. Bg2 Bg7 6. O-O Nge7 7.
c3 d5 8. Nbd2 O-O 9. Re1 Qc7 10.
Qc2 Rd8 11. h3 b5 12. exd5 exd5 13. Nf1 Bb7 14. Bf4 Qb6 15. Ne5 d4 16. Nxc6 Nxc6 17. a4 dxc3 18. bxc3 b4 19. a5 Qa6 20. d4 bxc3 21.
dxc5 Nd4 22. Qa4 Bxg2 23. Kxg2 Rac8 24. Bd6 Qb7+ 25. c6 Rxc6 26. Rab1 Rb6+ 0-1

[Event "*** Titled Tuesday 3|2 Blitz"]
[Site "Chess.com"]
[Date "2015.04.07"]
[Round "7"]
[White "Yaacovn"]
[Black "pKiLz5Rn9b"]
[Result "1-0"]
[WhiteElo "2608"]
[BlackElo "2311"]
[TimeControl "180+2"]
[EndTime "12:29:31 PDT"]
[Termination "Yaacovn won by resignation"]

1. d4 e6 2. Nf3 Nf6 3. c4 b6 4.
g3 Bb7 5. Bg2 Be7 6. O-O O-O 7.
Nc3 d5 8. Ne5 Na6 9. Bg5 Ne4 10.
Bxe7 Qxe7 11. cxd5 exd5 12. Qd3 Nb4 13. Qd1 c5 14. a3 Na6 15. e3 Rac8 16. Rc1 Rfd8 17. Qa4 f6 18. Nd3 Nxc3 19. Rxc3 c4 20. Nf4 Rd6 21. Nxd5 Bxd5 22. Bxd5+ Rxd5 23. Qxa6 Qc7 24. Rfc1 b5 25. Qe6+ Qf7 26. Qxf7+ Kxf7 27. b3 Rd6 28. bxc4 bxc4 29. Rxc4 Rb8 30. Rc7+ Kg6 31. Rxa7 Rb2 32. Rcc7 Kf5 33. Rxg7 Rdb6 34. Ra5+ Ke4 35. Rg4+ Kd3 36. Rf4 Rc2 37. Kg2 Rbb2 38. Raf5 Ra2 39. d5 Rxa3 40. d6 Ra7 41. Rd4+ Ke2 42. d7 1-0

[Event "*** Titled Tuesday 3|2 Blitz"]
[Site "Chess.com"]
[Date "2015.04.07"]
[Round "7"]
[White "DanielRensch"]
[Black "ilmago"]
[Result "1-0"]
[WhiteElo "2234"]
[BlackElo "1892"]
[TimeControl "180+2"]
[EndTime "12:30:38 PDT"]
[Termination "DanielRensch won by resignation"]

1. e4 c5 2. Nf3 d6 3. d4 cxd4 4. Nxd4 Nf6 5. Nc3 e6 6. Be3 a6 7. g4 Be7 8. g5 Nfd7 9. Qd2 Nc6 10. f4 Qc7 11. f5 Nc5 12. Bg2 Ne5 13. b3 Bd7 14.
O-O Rc8 15. fxe6 fxe6 16. Nde2 b5 17. a3 Bc6 18. Nd4 Bb7 19. b4 Nc4 20. Qe2 Nxe3 21. Qxe3 Nd7 22. Nce2 Ne5 23. Nxe6 Qc4 24. Nxg7+ Kd8 25.
Nd4 Kc7 26. a4 Rhg8 27. Nge6+ Kb8 28. axb5 h6 29. bxa6 Bxg5 30. Nxg5 Rxg5 31. axb7 Kxb7 32. Nf3 Rxg2+ 33. Kxg2 Rg8+ 34. Kh1 Nc6 35. b5 1-0

[Event "*** Titled Tuesday 3|2 Blitz"]
[Site "Chess.com"]
[Date "2015.04.07"]
[Round "7"]
[White "guillead1"]
[Black "jup1978"]
[Result "0-1"]
[WhiteElo "2366"]
[BlackElo "2178"]
[TimeControl "180+2"]
[EndTime "12:30:46 PDT"]
[Termination "jup1978 won by resignation"]

1. d4 d5 2. c4 c6 3. Nf3 Nf6 4. g3 dxc4 5. Bg2 e6 6. O-O c5 7. Qa4+ Bd7 8. Qxc4 Bc6 9. Rd1 Qb6 10. Be3 Qxb2 11.
Nc3 Qa3 12. dxc5 Qa6 13. Qd4 Be7 14. Ne5 Bxg2 15. Kxg2 Nc6 16. Nxc6 Qxc6+ 17. Kg1 O-O 18. Qc4 Rac8 19. Rac1 Bxc5 20. Qf4 Bxe3 21. Qxe3 Rfd8 22. Rxd8+ Rxd8 23. Ne4 Qxe4 24. Qxa7 Qxe2 25. Qxb7 h6 26. Rc8 Rxc8 27. Qxc8+ Kh7 28. a4 Ne4 29. Qc5 Nxc5 0-1

[Event "*** Titled Tuesday 3|2 Blitz"]
[Site "Chess.com"]
[Date "2015.04.07"]
[Round "7"]
[White "GeorgMeier"]
[Black "Ar4uha"]
[Result "1-0"]
[WhiteElo "2725"]
[BlackElo "2473"]
[TimeControl "180+2"]
[EndTime "12:30:47 PDT"]
[Termination "GeorgMeier won by resignation"]

1. Nf3 Nf6 2. g3 d5 3. Bg2 c6 4. O-O Bf5 5. c4 e6 6. cxd5 exd5 7. d3 h6 8. Nc3 Be7 9. Qb3 Qb6 10. Qc2 O-O 11. e4 dxe4 12. dxe4 Bh7 13. Be3 Qa6 14. Rad1 Nbd7 15. Nd4 Ne5 16. h3 Rfd8 17. f4 Nc4 18. Bf2 Bb4 19. Qe2 Bxc3 20. bxc3 Bxe4 21. Bxe4 Re8 22.
Nf5 Nxe4 23. Qg4 g6 24. Nxh6+ Kg7 25. Rd7 Nxf2 26. Rxf7+ Kh8 27. Qxg6 Nxh3+ 28. Kh2 1-0

[Event "*** Titled Tuesday 3|2 Blitz"]
[Site "Chess.com"]
[Date "2015.04.07"]
[Round "7"]
[White "GasconJR"]
[Black "rhungaski"]
[Result "0-1"]
[WhiteElo "2280"]
[BlackElo "2448"]
[TimeControl "180+2"]
[EndTime "12:30:48 PDT"]
[Termination "rhungaski won by resignation"]

1. e4 d6 2. d4 Nf6 3. Nc3 e5 4.
Nf3 Nbd7 5. g4 Nxg4 6. Rg1 Ngf6 7. Bc4 h6 8. Be3 c6 9. dxe5 dxe5 10. Qd3 b5 11. Bxf7+ Kxf7 12. Nxe5+ Nxe5 13. Qxd8 Nf3+ 14. Kd1 Nxg1 15. Qc7+ Be7 16. f4 Bg4+ 17. Ke1 Rhc8 18. Qb7 b4 19. Bc5 Nf3+ 20. Kf2 bxc3 21. Qxe7+ Kg8 22.
e5 Re8 23. Qd6 0-1

[Event "*** Titled Tuesday 3|2 Blitz"]
[Site "Chess.com"]
[Date "2015.04.07"]
[Round "7"]
[White "jbj"]
[Black "alturas_pacificas"]
[Result "1-0"]
[WhiteElo "2288"]
[BlackElo "2123"]
[TimeControl "180+2"]
[EndTime "12:30:48 PDT"]
[Termination "jbj won by resignation"]

1. e4 e5 2. Nf3 Nf6 3. Nxe5 d6 4. Nf3 Nxe4 5. Nc3 Nxc3 6. dxc3 Nd7 7. Bc4 Be7 8. O-O O-O 9. h3 c6 10. Re1 d5 11.
Bd3 Nc5 12. Bf1 Bf5 13. Nd4 Bg6 14. Bf4 Re8 15. c4 Qd7 16. cxd5 Qxd5 17. c3 Bf6 18. Be2 Rad8 19. Bf3 Qd7 20. Rxe8+ Qxe8 21. Be3 Ne6 22. Qb3 Nxd4 23. cxd4 Qe7 24. d5 cxd5 25. Bxd5 b6 26.
Rd1 Qe5 27. Rd2 h6 28. g3 Qe7 29. h4 Bf5 30. Bf3 Rxd2 31. Bxd2 Qe5 32. Bc3 Qe7 33. Bxf6 Qxf6 34. Kg2 Be6 35. Qa3 Qe7 36. Qxe7 1-0

[Event "*** Titled Tuesday 3|2 Blitz"]
[Site "Chess.com"]
[Date "2015.04.07"]
[Round "7"]
[White "Recombinant"]
[Black "BjarkeSahl"]
[Result "1-0"]
[WhiteElo "2151"]
[BlackElo "2040"]
[TimeControl "180+2"]
[EndTime "12:30:52 PDT"]
[Termination "Recombinant won on time"]

1. e4 c6 2. d4 d5 3. Nc3 dxe4 4.
Nxe4 Nf6 5. Nxf6+ exf6 6. c3 Bd6 7. Bd3 O-O 8. Ne2 Qc7 9. Qc2 g6 10. Bh6 Rd8 11. O-O-O Be6 12. h4 a5 13. h5 g5 14.
Bxh7+ Kh8 15. Kb1 a4 16. g3 Ra5 17. f4 g4 18. Bd3 Na6 19. f5 Bd5 20. Rhf1 b5 21. Bf4 Bf3 22. Rde1 Qd7 23. Bxd6 Qxd6 24. Nf4 Nc7 25. Be2 Bxe2 26. Qxe2 Rg8 27. Ng6+ 1-0

[Event "*** Titled Tuesday 3|2 Blitz"]
[Site "Chess.com"]
[Date "2015.04.07"]
[Round "7"]
[White "lukas_111111"]
[Black "MattyDPerrine"]
[Result "1-0"]
[WhiteElo "2331"]
[BlackElo "2198"]
[TimeControl "180+2"]
[EndTime "12:31:08 PDT"]
[Termination "lukas_111111 won by resignation"]

1. d4 Nf6 2. c4 c5 3. d5 b5 4.
cxb5 a6 5. bxa6 g6 6. Nc3 Bxa6 7. e4 Bxf1 8. Kxf1 d6 9. g3 Bg7 10. Kg2 O-O 11. Nf3 Nbd7 12. a4 Qa5 13. Bd2 Qb4 14.
Qc2 Rfb8 15. Rhb1 Qb3 16. Qd3 Nb6 17. Ra3 Qb4 18. a5 Nc4 19. Ra4 Nxb2 20. Rxb4 Rxb4 21. Qc2 Nc4 22. Rxb4 cxb4 23. Nd1 Nxd2 24. Nxd2 Rxa5 25. Qc8+ Bf8 26. Qb8 Ra1 27. Ne3 Ra2 28. Qxb4 h5 29. h4 Bh6 30. Ndf1 Kg7 31. Qb3 Ra1 32. Qc3 Ra4 33. e5 dxe5 34. Qxe5 Re4 35. Qc3 Kh7 36.
d6 Ng8 37. d7 1-0

[Event "*** Titled Tuesday 3|2 Blitz"]
[Site "Chess.com"]
[Date "2015.04.07"]
[Round "7"]
[White "AnastasiaProtopopova"]
[Black "OIAM03"]
[Result "1-0"]
[WhiteElo "1913"]
[BlackElo "1956"]
[TimeControl "180+2"]
[EndTime "12:31:42 PDT"]
[Termination "AnastasiaProtopopova won on time"]

1. Nf3 Nf6 2. c4 g6 3. Nc3 d5 4. Qa4+ c6 5. cxd5 Nxd5 6. Qd4 Nf6 7. Qxd8+ Kxd8 8. e4 Bg7 9. d4 Nbd7 10. Bc4 Ke8 11. O-O e5 12. dxe5 Ng4 13. e6 Nde5 14.
exf7+ Nxf7 15. h3 Nge5 16. Nxe5 Nxe5 17. Bb3 Rf8 18. Be3 Bd7 19. Rad1 b6 20. f4 Nf7 21. e5 Nd8 22. Ne4 Ne6 23. g3 Ke7 24. Rd2 c5 25.
Rfd1 Bc6 26. Nd6 Rad8 27. Rf1 Rxd6 28. Rxd6 1-0

[Event "*** Titled Tuesday 3|2 Blitz"]
[Site "Chess.com"]
[Date "2015.04.07"]
[Round "7"]
[White "DrHolmes13"]
[Black "AlmirDzhumaev"]
[Result "1-0"]
[WhiteElo "2211"]
[BlackElo "2100"]
[TimeControl "180+2"]
[EndTime "12:31:57 PDT"]
[Termination "DrHolmes13 won by checkmate"]

1. d4 Nf6 2. c4 e6 3. Nf3 d5 4.
Nc3 Be7 5. g3 b6 6. Bg2 Bb7 7. O-O O-O 8. cxd5 exd5 9. Ne5 Nbd7 10. Qa4 Nxe5 11. dxe5 Nd7 12. Nxd5 Nc5 13. Qc4 c6 14.
Nc3 b5 15. Qg4 a5 16. Bh6 Ne6 17. Rfd1 Qc7 18. Bf4 Rfd8 19. Ne4 c5 20. Nd6 Bxg2 21. Kxg2 Qc6+ 22. Qf3 Qxf3+ 23. Kxf3 Nd4+ 24. Kg2 Nxe2 25. Be3 Bxd6 26. exd6 Rac8 27. Kf3 Nd4+ 28. Bxd4 cxd4 29. Rxd4 Rc2 30. b3 f6 31. d7 Kf7 32. a4 Rc3+ 33.
Kg2 Rxb3 34. axb5 Rxb5 35. Rc1 Ke7 36. Re1+ Kf7 37. h4 Rb4 38. Rd5 a4 39. Re3 Rb3 40. Rxb3 axb3 41. Rb5 Rxd7 42. Rxb3 h5 43. Kf3 Kg6 44.
Rb4 Rd3+ 45. Kf4 Rd2 46. Kf3 Rd3+ 47. Kf4 Kh6 48. Rb6 Rd2 49. Ke3 Rd5 50. Ke4 Re5+ 51.
Kf4 Kg6 52. f3 Rc5 53. g4 Rc4+ 54. Kg3 hxg4 55. fxg4 Rc3+ 56. Kf4 Rh3 57. h5+ Kh6 58. Rb8 Kh7 59. Rb7 Rc3 60. Rb8 Rc4+ 61. Kf5 Rc5+ 62. Kf4 Rc4+ 63. Kg3 Kh6 64. Rg8 Rb4 65. Kf3 Rb3+ 66. Kf4 Rb4+ 67. Kf5 Rb5+ 68. Kf4 Kh7 69. Re8 Rb4+ 70. Kg3 Kh6 71. Kh4 f5 72. Rh8# 1-0

[Event "*** Titled Tuesday 3|2 Blitz"]
[Site "Chess.com"]
[Date "2015.04.07"]
[Round "7"]
[White "kesarev"]
[Black "brauliocuarta"]
[Result "0-1"]
[WhiteElo "2210"]
[BlackElo "2088"]
[TimeControl "180+2"]
[EndTime "12:31:58 PDT"]
[Termination "brauliocuarta won on time"]

1. Nf3 Nf6 2. c4 c5 3. Nc3 b6 4.
d4 cxd4 5. Nxd4 Bb7 6. f3 d6 7. e4 e6 8. Be2 Be7 9. Be3 O-O 10. O-O a6 11. Qd2 Nbd7 12. Rfc1 Rc8 13. Bf1 Qc7 14. Qf2 Rfd8 15. a4 Ne5 16. a5 bxa5 17. Nb3 Qb8 18. Nxa5 Nfd7 19. Rab1 Nc5 20. Rd1 Bf6 21. Qd2 Nc6 22.
Nxb7 Qxb7 23. b4 Nxb4 24. Nd5 exd5 25. Rxb4 Qe7 26. cxd5 a5 27. Rb5 Ra8 28. Qa2 a4 29. Rdb1 a3 30. Bc4 Bb2 0-1

[Event "*** Titled Tuesday 3|2 Blitz"]
[Site "Chess.com"]
[Date "2015.04.07"]
[Round "7"]
[White "chessloveyou"]
[Black "Mazetovic"]
[Result "0-1"]
[WhiteElo "2128"]
[BlackElo "2430"]
[TimeControl "180+2"]
[EndTime "12:32:35 PDT"]
[Termination "Mazetovic won by resignation"]

1. d4 Nf6 2. Nf3 g6 3. g3 Bg7 4. Bg2 O-O 5. O-O c6 6. c4 d5 7.
cxd5 Nxd5 8. Nc3 Nb6 9. e4 N8d7 10. b3 c5 11. Be3 cxd4 12. Bxd4 Bxd4 13. Qxd4 Nf6 14. Qe3 Bd7 15. Rfd1 Qe8 16. h3 Bc6 17. e5 Nfd5 18. Nxd5 Nxd5 19. Qh6 f6 20. Rd4 Rd8 21. e6 g5 22. Nxg5 fxg5 23. Qxg5+ Qg6 24. Qd2 Kh8 25.
Bxd5 Bxd5 26. Rxd5 Rxd5 27. Qxd5 Qf6 28. Rf1 b6 29. Qe4 Rd8 30. Re1 Rd2 31. Qa8+ Kg7 32.
Rf1 Rxa2 33. Qe4 Rb2 34. Qg4+ Qg6 35. Qd4+ Qf6 36. Qg4+ Kh6 37. Qc4 Rd2 38. Qc1 Qd4 39. Rd1 Qxf2+ 0-1

[Event "*** Titled Tuesday 3|2 Blitz"]
[Site "Chess.com"]
[Date "2015.04.07"]
[Round "7"]
[White "iFrancisco"]
[Black "chesstatour"]
[Result "1-0"]
[WhiteElo "2212"]
[BlackElo "1949"]
[TimeControl "180+2"]
[EndTime "12:32:47 PDT"]
[Termination "iFrancisco won by resignation"]

1. e4 c6 2. d4 d5 3. e5 Bf5 4. Nf3 e6 5. Be2 c5 6. Be3 Nc6 7. dxc5 Nge7 8. c3 Ng6 9. Qa4 Be7 10.
Bb5 O-O 11. Bxc6 bxc6 12. Nbd2 Qc7 13. O-O Nxe5 14. Nxe5 Qxe5 15. Qxc6 Rac8 16. Qb7 Rc7 17. Qb5 a6 18. Qxa6 Bxc5 19. Bxc5 Rxc5 20. Nb3 Rcc8 21. Nd4 Bg6 22. Rfe1 Qb8 23. Qe2 Rfe8 24. a4 e5 25. Nb5 f6 26. Qd2 Bf7 27. b3 Red8 28. Qe2 Be8 29. c4 dxc4 30. bxc4 Qb6 31. a5 Qc5 32. a6 Qxc4 33. Qxc4+ Rxc4 34. Reb1 Bxb5 35.
Rxb5 Ra4 36. Rbb1 Rxa1 37. Rxa1 Ra8 38. f3 Kf7 39. Kf2 Ke6 40. Ke3 Kd6 41. a7 Kc6 42. Ke4 g6 43. g4 h6 44. h4 Kd6 45. Ra6+ Ke7 46. Kd5 h5 47. gxh5 gxh5 48. Kc6 f5 49. Kb7 Rxa7+ 50. Kxa7 1-0